 Dungeon Crawl Stone Soup version 0.30-a0-34-gbe8da3892a (webtiles) character file.

Game seed: 5418688201316744641

471 ytrimaz the Changer (level 7, -1/43 HPs)
             Began as an Octopode Transmuter on Aug 27, 2022.
             Was an Initiate of Ashenzari.
             Slain by an ice beast (12 damage)
             ... on level 5 of the Dungeon.
             The game lasted 00:05:41 (4790 turns).

ytrimaz the Changer (Octopode Transmuter)           Turns: 4790, Time: 00:05:43

Health: -1/43      AC:  2    Str: 15    XL:     7   Next: 9%
Magic:  11/13      EV: 19    Int: 17    God:    Ashenzari [......]
Gold:   340        SH:  0    Dex: 18    Spells: 4/14 levels left

rFire   . . .      SeeInvis .      - Unarmed
rCold   . . .      Faith    .    (shield currently unavailable)
rNeg    + . .      Spirit   .    (helmet currently unavailable)
rPois   x          Reflect  .    (no amulet)
rElec   .          Harm     .    g - +6 ring of strength
rCorr   .          Rampage  .    k - ring of positive energy
Will    .....                    (no ring)
Stlth   ++........               (no ring)
HPRegen 0.14/turn                (no ring)
MPRegen 0.13/turn                (no ring)
                                 (no ring)
                                 (no ring)

@: spider-form
A: venomous fangs, almost no armour, (amphibious), 8 rings, tiny, (camouflage
1), (gelatinous body 1), (nimble swimmer 1), (tentacles)
a: End Transformation, Renounce Religion


You were on level 5 of the Dungeon.
You worshipped Ashenzari.
Ashenzari was noncommittal.
You were a venomous arachnid creature.
You visited 2 branches of the dungeon, and saw 6 of its levels.

You collected 340 gold pieces.

Inventory:

Jewellery
 g - a +6 ring of strength (left front leg)
 k - a ring of positive energy (right front leg)
Wands
 o - a wand of flame (19)
Scrolls
 c - a scroll of poison
 e - 3 scrolls of butterflies
 h - 3 scrolls of silence {unknown}
 n - a scroll of summoning {unknown}
Potions
 a - 7 potions of curing
 b - a potion of degeneration {unknown}
 d - 2 potions of heal wounds
 f - 2 potions of mutation {unknown}
 i - a potion of haste {unknown}
 j - 2 potions of might {unknown}
 m - a potion of ambrosia {unknown}
 p - a potion of flight {unknown}


   Skills:
 - Level 1.0 Fighting
 - Level 2.0 Dodging
 - Level 3.6 Unarmed Combat
 + Level 4.3 Spellcasting
 + Level 4.4 Transmutations
 * Level 3.7 Poison Magic


You had 4 spell levels left.
You knew the following spells:

 Your Spells              Type           Power      Damage    Failure   Level
a - Beastly Appendage     Tmut           36%        N/A       10%         1
b - Wereblood             Tmut           18%        N/A       12%         2
c - Spider Form           Tmut/Pois      17%        N/A       22%         3
d - Ice Form              Ice/Tmut       11%        N/A       73%         4

Your spell library contained the following spells:

 Spells                   Type           Power      Damage    Failure   Level
 Summon Small Mammal      Summ           12%        N/A       34%         1
 Call Canine Familiar     Summ           3%         N/A       63%         3
 Portal Projectile        Hex/Tloc       6%         N/A       63%         3
 Summon Guardian Golem    Hex/Summ       3%         N/A       63%         3
 Leda's Liquefaction      Hex/Erth       1%         N/A       94%         4


Dungeon Overview and Level Annotations

Branches:
Dungeon (5/15)             Temple (1/1) D:5

Altars:
Ashenzari
Cheibriados
Elyvilon
Fedhas
Kikubaaqudgha
Nemelex Xobeh
Okawaru
Ru
Sif Muna
Trog
Vehumet
Xom
Yredelemnul
Zin

Shops:
D:3 [

Annotations:
D:3 1 runed translucent door, AGayBaby's ghost, amateur HOFi


Innate Abilities, Weirdness & Mutations

You are a venomous arachnid creature.
You have poisonous fangs.
You are tiny and dextrous.
Your spellcasting is less reliable in this form.
Your armour is entirely melded.
You are incapable of wielding weapons or throwing items.
You cannot wear most types of armour.
((You are amphibious.))
You can wear up to eight rings at the same time.
((Your skin changes colour to match your surroundings (Stealth+).))
((Your rubbery body absorbs attacks. (AC +1, EV +1)))
((You are camouflaged when in or above water. (Stealth+)))
((You have tentacles for arms and can constrict up to eight enemies at once.))


Message History

There is an open door here.
Casting: Ice Form (extremely dangerous; 52% risk of failure)
Confirm with . or Enter, or press ? or * to list all spells.
You turn into a venomous arachnid creature.
There is an open door here.
The ice beast hits you but does no damage.
You barely miss the ice beast. The ice beast hits you.
The ice beast freezes you.
You hit the ice beast.
The ice beast is lightly wounded.
The ice beast hits you. The ice beast freezes you.
You hit the ice beast.
The ice beast is moderately wounded.
The ice beast hits you but does no damage.
You barely miss the ice beast.
The ice beast is moderately wounded.
The ice beast closely misses you.
You hit the ice beast.
The ice beast is moderately wounded.
The ice beast barely misses you.
You hit the ice beast.
The ice beast is moderately wounded.
The ice beast misses you.
You hit the ice beast but do no damage.
The ice beast is poisoned.
The ice beast is moderately wounded.
The ice beast hits you. The ice beast freezes you!
* * * LOW HITPOINT WARNING * * *
You feel much better. The ice beast completely misses you.
You completely miss the ice beast.
The ice beast is moderately wounded.
The ice beast hits you. The ice beast freezes you.
You barely miss the ice beast.
The ice beast is heavily wounded.
The ice beast closely misses you.
You hit the ice beast but do no damage.
The ice beast is heavily wounded.
The ice beast hits you.
* * * LOW HITPOINT WARNING * * *
The ice beast freezes you!
You die...

##..### #.......#..#
##.##.+ +###+###'..+
##....# .+ +.#..#
#.Y...# .# #.#..#
#.....+##+.# #.'##+
......#..#.# #.#..#
...####..#.+ +.#..#
.#.##.'..'###+###'..+
......#..#.....Ys#..#
.#.#..#..#.......#..#
##.#.####+###+###+###
##.#.# ...#.# ####.#
#.# #.#


You could see an ice beast (very poisoned).

Vanquished Creatures
  An ice beast (D:3)
  A necrophage (D:5)
  A scorpion (D:4)
  A jelly (D:5)
  3 hounds
  Robin (D:2)
  6 adders
  A worm (D:3)
  2 dart slugs
  7 endoplasms
  2 giant cockroaches (D:1)
  18 goblins
  6 hobgoblins
  A jackal (D:2)
  5 kobolds
  2 quokkas (D:1)
  6 ball pythons
  7 bats
  3 frilled lizards
  8 rats
82 creatures vanquished.

Vanquished Creatures (others)
  5 fungi (D:2)
  3 plants (D:2)
8 creatures vanquished.

Grand Total: 90 creatures vanquished

Notes
Turn   | Place    | Note
-------+----------+-------------------------------------------
     0 | D:1      | ytrimaz the Octopode Transmuter began the quest for the
                  | Orb.
     0 | D:1      | Reached XP level 1. HP: 13/13 MP: 3/3
   232 | D:1      | Reached XP level 2. HP: 12/18 MP: 3/5
   897 | D:1      | Reached XP level 3. HP: 23/23 MP: 4/6
   900 | D:1      | Learned a level 2 spell: Wereblood
   904 | D:1      | Learned a level 3 spell: Spider Form
  1389 | D:2      | Noticed Robin
  1406 | D:2      | HP: 1/23 [goblin/+0 club[Robin] (5)]
  1423 | D:2      | Killed Robin
  1424 | D:2      | Reached skill level 1 in Poison Magic
  1425 | D:2      | Reached XP level 4. HP: 28/28 MP: 5/8
  2042 | D:2      | Found a faded altar of an unknown god.
  2270 | D:3      | Noticed an ice beast
  2281 | D:3      | Killed an ice beast
  2282 | D:3      | Reached XP level 5. HP: 33/33 MP: 6/10
  2591 | D:3      | Found a runed translucent door.
  2591 | D:3      | Noticed AGayBaby's ghost (amateur HOFi)
  2786 | D:3      | Found Hiut's Antique Armour Emporium.
  3010 | D:3      | Found a bloodstained altar of Trog.
  3010 | D:3      | Found a glowing silver altar of Zin.
  3330 | D:4      | Reached XP level 6. HP: 30/38 MP: 9/11
  3464 | D:4      | Learned a level 4 spell: Ice Form
  3718 | D:4      | Found a radiant altar of Vehumet.
  4186 | D:5      | Entered Level 5 of the Dungeon
  4242 | D:5      | Found a staircase to the Ecumenical Temple.
  4265 | Temple   | Entered the Ecumenical Temple
  4280 | Temple   | Became a worshipper of Ashenzari the Shackled
  4408 | D:5      | Reached XP level 7. HP: 35/43 MP: 10/13
  4786 | D:5      | HP: 1/43 [ice beast (12)]
  4790 | D:5      | Slain by an ice beast

Illustrated notes

Levels and vault maps discovered:
D:1:      dpeg_arrival_signposts, layout_rooms
D:2:      layout_basic, dreamdust_ecumenical_altar_grove,
          minmay_fractal_squares_gapless_5, uniq_robin
D:3:      layout_basic, gammafunk_temple_overflow_elements, serial_shops, shop,
          hellmonk_ghost_happy_afterlife, amcnicky_mini_pool_small
D:4:      layout_loops_ring, nicolae_vehumet_radiance, kennysheep_diamond,
          nicolae_concentric_dashed_squares_mild, minmay_misc_feat_enclosed
D:5:      layout_basic, mainiacjoe_overflow_24_doors,
          minmay_temple_entry_mini_moons, gup_sewer_entry_bubbles, hex_tiny
Temple:   nicolae_temple_two_arcs

Skill      XL: |  1  2  3  4  5  6 |
---------------+-------------------+-----
Poison Magic   | 1 2 3 |  3.7
Spellcasting   | 3 4 |  4.3
Transmutations | 3 4 |  4.4
Fighting       | |  1.0
Dodging        | |  2.0
Unarmed Combat | |  3.6

Action                   |  1- 3 |  4- 6 |  7- 9 || total
-------------------------+-------+-------+-------++-------
Melee: Unarmed           |    77 |    99 |    12 ||   188
       Kick              |    16 |    10 |       ||    26
       Constrict         |    15 |    14 |       ||    29
       Tentacles         |     8 |     9 |       ||    17
       Punch             |     1 |       |       ||     1
 Cast: Beastly Appendage |    19 |    17 |     1 ||    37
       Wereblood         |     1 |       |       ||     1
       Spider Form       |       |    13 |     1 ||    14
       Ice Form          |       |       |     1 ||     1
  Use: Scroll            |     4 |     3 |     1 ||     8
       Potion            |     2 |       |     1 ||     3
 Stab: Sleeping          |     8 |     3 |       ||    11
Armor: Skin              |    34 |    10 |     3 ||    47
Dodge: Dodged            |    41 |    81 |     5 ||   127

Table legend: (Time is in decaauts)
 A = Elapsed time spent in this place.
 B = Non-inter-level travel time spent in this place.
 C = Inter-level travel time spent in this place.
 D = Time resting spent in this place.
 E = Time spent auto-exploring this place.
 F = Levels seen in this place.
 G = Mean time per level.
                   A        B        C        D        E       F      G
               +--------+--------+--------+--------+--------+-----+--------+
         Total |   4775 |   4672 |    103 |      2 |   3863 |   6 |  795.8 |
       Dungeon |   4751 |   4655 |     96 |      2 |   3857 |   5 |  950.2 |
        Temple |     23 |     16 |      7 |      0 |      6 |   1 |   23.0 |
               +--------+--------+--------+--------+--------+-----+--------+

Top non-repeatable levels by time:
     D:1: 1308 daAuts
     D:3: 1015 daAuts
     D:2: 954 daAuts
     D:4: 895 daAuts
     D:5: 577 daAuts
  Temple: 23 daAuts
